 Dungeon Crawl Stone Soup version 0.21.1-1-g345015f (webtiles) character file.

458 nicolaieve the Chopper (level 6, -10/56 HPs)
             Began as a Minotaur Berserker on June 10, 2018.
             Was a Priest of Trog.
             Mangled by Sigmund
             ... wielding a +0 scythe
              (14 damage)
             ... on level 4 of the Dungeon.
             The game lasted 00:20:23 (3515 turns).

nicolaieve the Chopper (Minotaur Berserker)         Turns: 3515, Time: 00:20:24

Health: -10/56     AC: 11    Str: 22    XL:     6   Next: 77%
Magic:  5/5        EV:  8    Int:  4    God:    Trog [***...]
Gold:   215        SH:  3    Dex: 11    Spells: 5/5 levels left

rFire    . . .     SeeInvis .   a - +0 hand axe
rCold    . . .     Gourm    .   e - +0 buckler
rNeg     . . .     Faith    +   p - +0 chain mail
rPois    .         Spirit   .   (helmet restricted)
rElec    .         Reflect  .   f - scarf {cloud immunity}
rCorr    .         Harm     .   s - +0 pair of gloves
MR       .....                  l - +0 pair of boots
Stlth    ..........             y - amulet of faith
HPRegen  0.18/turn              (no ring)
MPRegen  0.09/turn              (no ring)

@: berserk cooldown, slowed, very slow
A: retaliatory headbutt, horns 2
a: Berserk, Trog's Hand, Burn Spellbooks, Renounce Religion


You were on level 4 of the Dungeon.
You worshipped Trog.
Trog was most pleased with you.
You were not hungry.

You visited 1 branch of the dungeon, and saw 4 of its levels.

You collected 215 gold pieces.

Inventory:

Hand Weapons
 a - a +0 hand axe (weapon)
 z - a +0 mace
 B - a +0 quarterstaff of speed
 E - a +0 giant spiked club
Missiles
 i - 3 tomahawks (quivered)
 w - 62 stones
 C - 20 bolts
Armour
 e - a +0 buckler (worn)
 f - a scarf of cloud immunity (worn)
 j - a +0 helmet
 l - a +0 pair of boots (worn)
 p - a +0 chain mail (worn)
 s - a +0 pair of gloves (worn)
Jewellery
 y - an amulet of faith (around neck)
 A - an uncursed ring of fire
Wands
 t - a wand of disintegration (9)
 D - a wand of flame (14)
Scrolls
 g - 2 scrolls of immolation {unknown}
 h - 3 scrolls of remove curse {unknown}
 m - 2 scrolls of fear {unknown}
 q - 2 scrolls of fog {unknown}
 v - 3 scrolls of identify {unknown}
 x - 4 scrolls of teleportation
Potions
 b - 2 potions of haste {unknown}
 d - 2 potions of agility {unknown}
 k - a potion of flight {unknown}
 n - 2 potions of ambrosia {unknown}
 o - a potion of curing
 r - a potion of berserk rage {unknown}
 u - a potion of heal wounds {unknown}
Comestibles
 c - 5 rations


   Skills:
 + Level 5.5 Fighting
 + Level 7.2 Axes
 + Level 4.3 Armour
 - Level 2.4 Dodging
 + Level 0.4 Shields


You had 5 spell levels left.
You didn't know any spells.

Dungeon Overview and Level Annotations

Branches:
Dungeon (4/15)
 Temple: D:4-7

Altars:
Cheibriados
Fedhas

Annotations:
D:4 Sigmund


Innate Abilities, Weirdness & Mutations

You reflexively headbutt those who attack you in melee.
You have a pair of horns on your head.


Message History

You bump into the rock wall.
Something hits you.
You bump into the rock wall.
You hear some strange, mumbled words.
You are more confused.
Something hits you!
You hear some strange, mumbled words.
Something tries to affect you, but you resist.
Something hits you!
You bump into the rock wall.
Something hits you!
* * * LOW HITPOINT WARNING * * *
You bump into the rock wall.
You feel less confused. Something hits you.
* * * LOW HITPOINT WARNING * * *
You eat one of the 6 rations.
That ration really hit the spot!
Something hits you but does no damage. Something hits you!
* * * LOW HITPOINT WARNING * * *
You hit something. Something hits you!
You die...

#.......#.........#........
#.......#.........#........
#.......#.........#........
##########.........#########
#.........#####.............
#.........'...#.............
#.........#...'.............
#.........#...#.............
#.........{@..#.............
##########..###.............
#......#######'####
#......'...........
#......#...........
#......#...........
#......#..####.####
########..####.####
#..........#....#..


There were no monsters in sight!

Vanquished Creatures
  The ghost of diana the Slasher, an amateur TeGl (D:3)
  An ogre (D:4)
  Blork the orc (D:4)
  A bullfrog skeleton (D:4)
  Ijyb (D:4)
  A hound skeleton (D:4)
  4 adders
  An ooze (D:3)
  4 worms
  3 dart slugs (D:2)
  3 leopard geckos (D:2)
  2 orcs (D:3)
  2 giant cockroaches (D:4)
  11 goblins
  10 hobgoblins
  7 jackals
  6 kobolds
  A quokka (D:3)
  2 ball pythons (D:1)
  4 bats
  2 frilled lizards
  9 rats
77 creatures vanquished.

Vanquished Creatures (others)
  A fungus (D:2)
1 creature vanquished.

Grand Total: 78 creatures vanquished

Notes
Turn   | Place    | Note
-------+----------+-------------------------------------------
     0 | D:1      | nicolaieve the Minotaur Berserker began the quest for the Orb.
     0 | D:1      | Reached XP level 1. HP: 19/19 MP: 0/0
   156 | D:1      | Reached XP level 2. HP: 26/27 MP: 1/1
   194 | D:1      | Reached skill level 4 in Axes
   630 | D:2      | Reached XP level 3. HP: 31/33 MP: 2/2
   741 | D:2      | Found a blossoming altar of Fedhas.
   768 | D:2      | Reached ** piety under Trog
  1283 | D:3      | Noticed diana's ghost (amateur TeGl)
  1295 | D:3      | Reached XP level 4. HP: 23/41 MP: 3/3
  1297 | D:3      | Killed diana's ghost
  1297 | D:3      | Reached skill level 6 in Axes
  1297 | D:3      | Reached XP level 5. HP: 27/47 MP: 4/4
  1379 | D:3      | Found a snail-covered altar of Cheibriados.
  1786 | D:3      | Reached skill level 5 in Fighting
  2115 | D:4      | Noticed Ijyb
  2123 | D:4      | Killed Ijyb
  2487 | D:4      | Reached *** piety under Trog
  2501 | D:4      | Reached XP level 6. HP: 52/56 MP: 5/5
  2757 | D:4      | Noticed Sigmund
  3045 | D:4      | Noticed Blork the orc
  3056 | D:4      | Killed Blork the orc
  3147 | D:4      | Reached skill level 7 in Axes
  3515 | D:4      | Mangled by Sigmund

Skill      XL: |  1  2  3  4  5  6 |
---------------+-------------------+-----
Fighting       | 4 5 |  5.5
Axes           | 4 6 7 |  7.2
Armour         | 3 4 |  4.3
Dodging        | |  2.4
Shields        | |  0.4

Action                   |  1- 3 |  4- 6 || total
-------------------------+-------+-------++-------
Melee: Hand axe          |   124 |    87 ||   211
       Headbutt          |    14 |    19 ||    33
Invok: Berserk           |     1 |     4 ||     5
  Use: Scroll            |       |     1 ||     1
  Eat: Chunk             |     1 |     4 ||     5
       Ration            |       |     3 ||     3
Armor: Animal skin       |     8 |       ||     8
       Chain mail        |    69 |    42 ||   111
Dodge: Dodged            |    56 |    32 ||    88
Block: Buckler           |     1 |     9 ||    10
